Cogmind - Beta 11.1 @@@ ROGUE MODE // 2022.05.24 @ 10:26:10 Player: Jamuson Result: Core destroyed Performance ------------- Evolutions (2) 1000 Regions Visited (5) 1000 Robots Destroyed (68) 340 Value Destroyed (2069) 2069 Prototype IDs (4) 80 Alien Tech Used (0) 0 Bonus (334) 334 TOTAL SCORE: 4823 Bonus ------- High Alert Combat Kills 131 Follower Combat Kills 206 Friendly Fire -3 Cogmind --------- Core Integrity 0/550 Matter 108/300 Energy 251/265 System Corruption 2% Temperature Critical (509) Movement Treading (161) Location -8/Materials Parts ------- > --- POWER (1) -------- Improved Ion Engine > --- PROPULSION (3) --- Armored Treads Armored Treads Advanced Treads > --- UTILITY (4) ------ Large Storage Unit Structural Scanner Hardened Medium Armor Plating > --- WEAPON (3) ------- Advanced Beam Rifle Heavy Assault Rifle Heavy Assault Rifle > --- INVENTORY (15) --- Improved Ion Engine Improved Ion Engine Armored Treads Armored Treads Titanium Leg Improved Signal Interpreter Light Armor Plating Authchip [Device] EM Pulse Gun Advanced Beam Rifle Advanced Beam Rifle Advanced Beam Rifle Heavy Assault Rifle Grenade Launcher Rocket Launcher Peak State ------------ > --- POWER ------------ Improved Ion Engine > --- PROPULSION ------- Carbon-fiber Leg Titanium Leg Titanium Leg > --- UTILITY ---------- Improved Heat Sink Large Storage Unit Structural Scanner Light Armor Plating > --- WEAPON ----------- Advanced Beam Rifle Advanced Beam Rifle Advanced Beam Rifle > --- INVENTORY -------- Improved Ion Engine Light Treads Light Treads Aluminum Leg Aluminum Leg Titanium Leg Authchip [Device] EM Pulse Gun Medium Laser Advanced Beam Rifle Heavy Assault Rifle Grenade Launcher Rocket Launcher [Rating: 31] Favorites ----------- Power Ion Engine Engine Ion Engine Propulsion Aluminum Leg Treads Armored Treads Leg Aluminum Leg Wheel Compact Wheel Utility Large Storage Unit Device Improved Heat Sink Storage Large Storage Unit Protection Hardened Medium Armor Plating Weapon EM Pulse Gun Energy Gun EM Pulse Gun Ballistic Gun Heavy Assault Rifle Launcher Grenade Launcher Build | -11 -10 -10 -10 -9 -8 ------- Run | Scr Mat Min Exi Min Mat Slots Evolved 4 | . . . . . 4 Power . | . . . . . . Propulsion 1 | . . . . . 1 Utility 2 | . . . . . 2 Weapon 1 | . . . . . 1 Parts Attached 57 | . 10 8 . 5 34 Power 5 | . 1 . . . 4 Engine 5 | . 1 . . . 4 Core . | . . . . . . Reactor . | . . . . . . Propulsion 15 | . 2 . . 2 11 Treads 3 | . . . . . 3 Leg 10 | . . . . 2 8 Wheel 2 | . 2 . . . . Hover . | . . . . . . Flight . | . . . . . . Utility 9 | . 2 . . . 7 Device 5 | . 1 . . . 4 Storage 1 | . 1 . . . . Processor . | . . . . . . Hackware . | . . . . . . Protection 3 | . . . . . 3 Artifact . | . . . . . . Weapon 28 | . 5 8 . 3 12 Energy Gun 18 | . 4 5 . 2 7 Energy Cannon . | . . . . . . Ballistic Gun 5 | . . . . . 5 Ballistic Cannon . | . . . . . . Launcher 5 | . 1 3 . 1 . Special Weapon . | . . . . . . Impact Weapon . | . . . . . . Slashing Weapon . | . . . . . . Piercing Weapon . | . . . . . . Special Melee Weapon . | . . . . . . Unidentified Prototypes 2 | . . . . . 2 Parts Lost 17 | . 1 2 . 3 11 Power 2 | . 1 . . . 1 Propulsion 5 | . . 1 . 1 3 Utility 4 | . . . . . 4 Weapon 6 | . . 1 . 2 3 Highest Loss Streak 6 | . 1 1 . 2 6 To Critical Strikes 1 | . . . . . 1 Average Slot Usage (%) 90 | . 97 90 85 87 90 Engine 12 | . 14 14 14 14 8 Treads 2 | . . . . . 5 Leg 9 | . . . . 16 20 Wheel 10 | . 27 19 14 5 . Device 13 | . 11 14 14 14 13 Storage 12 | . 14 14 14 14 9 Protection 2 | . . . . . 6 Energy Gun 22 | . 25 24 28 21 17 Ballistic Gun 3 | . . . . . 9 Naked Turns . | . . . . . . Heaviest Build 46 | 13 31 31 30 31 46 Greatest Support 62 | 20 26 26 16 20 62 Greatest Overweight (x) 2 | . 1 1 1 1 2 Average Overweight (x) . | . . 1 1 1 . Largest Inventory Capacity 15 | 8 15 15 15 15 15 Average Capacity 14 | 8 12 15 15 15 15 Most Carried 15 | 6 15 15 13 13 15 Average Carried 11 | 6 10 13 13 11 11 Final Capacity 15 | 8 15 15 15 15 15 Final Carried 15 | 6 14 13 13 10 15 Class Distribution -------------------- 40% | Mutant 24% | Commander-Mutant 20% | Tank 9% | Skirmisher 4% | Scavenger-Tank Dominant Class ---------------- Mutant | -10/Materials Mutant | -10/Mines Commander-Mutant | -10/Exiles Commander-Mutant | -9/Mines Tank | -8/Materials Resources | -11 -10 -10 -10 -9 -8 ----------- Run | Scr Mat Min Exi Min Mat Matter Collected 1119 | 200 80 185 . 45 609 Remotely . | . . . . . . Salvage Created 2741 | . 437 188 . 14 2102 Parts 155 | . 28 16 . 2 109 Haulers Intercepted 4 | . 2 . . . 2 Recyclers Shooed 1 | . . . . . 1 Parts Field Recycled . | . . . . . . Retrieved Matter . | . . . . . . Parts Self-Destructed . | . . . . . . Prevented . | . . . . . . Kills | -11 -10 -10 -10 -9 -8 ------- Run | Scr Mat Min Exi Min Mat Combat Hostiles Destroyed 54 | . 10 9 . 1 34 Guns 42 | . 5 3 . . 34 AOE 12 | . 5 6 . 1 . Classes Destroyed 11 | . 5 1 . . 5 Worker 2 | . . . . . 2 Builder 2 | . . . . . 2 Hauler 4 | . 2 . . . 2 Recycler 2 | . . . . . 2 Operator 1 | . 1 . . . . Watcher 4 | . 2 . . . 2 Swarmer 14 | . 3 6 . 1 4 Grunt 30 | . 7 1 . . 22 Brawler 1 | . . . . . 1 Sentry 8 | . . 2 . . 6 Hunter 1 | . . . . . 1 Best Kill Streak 5 | . 3 3 . 1 5 Combat Bots Only 5 | . 3 3 . 1 5 Max Kills in Single Turn 2 | . 2 2 . 1 2 Gunslinging 1 | . . . . . 1 Exploded 2 | . 2 2 . 1 . Melee . | . . . . . . Uniques/NPCs Destroyed . | . . . . . . Combat | -11 -10 -10 -10 -9 -8 -------- Run | Scr Mat Min Exi Min Mat Damage Taken 3062 | . 194 182 . 205 2481 Core 685 | . 29 40 . 47 569 Absorbed by Shields . | . . . . . . Core Remaining (%) 76 | 100 . . . 53 . Volleys Fired 184 | . 39 14 . 4 127 Largest 3 | . 2 2 . 2 3 Hottest 183 | . 100 80 . 90 183 Shots Fired 443 | . 71 21 . 6 345 Gun 433 | . 68 14 . 6 345 Cannon . | . . . . . . Launcher 10 | . 3 7 . . . Special . | . . . . . . Kinetic 130 | . . . . . 130 Thermal 248 | . 56 . . 1 191 Explosive 10 | . 3 7 . . . Electromagnetic 55 | . 12 14 . 5 24 Robot Hit Streak 11 | . 11 8 . 3 11 Robot Miss Streak 5 | . 2 1 . 3 5 Penetration Max . | . . . . . . Secondary Targets 10 | . . . . . 10 Max Gunslinging Chain 1 | . . . . . 1 Shots Hit Robots 261 | . 50 16 . 3 192 Core Hits 117 | . 24 15 . 2 76 Critical Kills . | . . . . . . Critical Parts Destroyed . | . . . . . . Critical Strikes 9 | . 3 . . . 6 Burn 9 | . 3 . . . 6 Melee Attacks . | . . . . . . Impact . | . . . . . . Slashing . | . . . . . . Piercing . | . . . . . . Sneak Attacks . | . . . . . . Combat Hostiles . | . . . . . . Follow-up Attacks . | . . . . . . Damage Inflicted 5213 | . 970 598 . 65 3580 Guns 4292 | . 624 159 . 35 3474 Cannons . | . . . . . . Explosions 917 | . 346 439 . 30 102 Melee . | . . . . . . Ramming 4 | . . . . . 4 Kinetic 1098 | . . . . . 1098 Thermal 2948 | . 627 . . 43 2278 Explosive 662 | . 223 439 . . . Electromagnetic 501 | . 120 159 . 22 200 Impact . | . . . . . . Slashing . | . . . . . . Piercing . | . . . . . . Highest Corruption 2 | . . . . . 2 Average Corruption 1 | . . . . . 1 Corruption Purged . | . . . . . . Corruption Blocked . | . . . . . . Effects 18 | . . . . . 18 Message Errors 6 | . . . . . 6 Matter Fused 5 | . . . . . 5 Heat Flow Errors 2 | . . . . . 2 Energy Discharges 1 | . . . . . 1 Misfires 2 | . . . . . 2 Alerts 1 | . . . . . 1 Weapon Failures 1 | . . . . . 1 Overload Shots . | . . . . . . Overflow Damage 30 | . 8 22 . . . Projectiles . | . . . . . . Explosions 30 | . 8 22 . . . Melee . | . . . . . . Knockbacks . | . . . . . . Impact . | . . . . . . Kinetic . | . . . . . . Secondary . | . . . . . . Self-Inflicted Damage 24 | . . 24 . . . Shots 2 | . . 2 . . . Rammed . | . . . . . . Targets Rammed 1 | . . . . . 1 Kicked 1 | . . . . . 1 Crushed . | . . . . . . Highest Temperature 539 | . 325 19 . . 539 Average Temperature 135 | . 133 7 . . 137 Received Heat Transfer 1362 | . 123 69 . . 1170 Effects 21 | . 2 . . . 19 Shutdowns 4 | . . . . . 4 Energy Bleed 4 | . 1 . . . 3 Interference 6 | . 1 . . . 5 Matter Decay 2 | . . . . . 2 Short Circuit 1 | . . . . . 1 Damage (minor) 1 | . . . . . 1 Damage (core) 3 | . . . . . 3 Siege Activations . | . . . . . . Robots Corrupted . | . . . . . . Combat Hostiles . | . . . . . . Parts Fried 2 | . 1 . . . 1 Impact Corruptions . | . . . . . . Robots Melted . | . . . . . . Combat Hostiles . | . . . . . . Parts Melted 15 | . 3 . . . 12 Heat Transferred 6517 | . 1829 . . 37 4651 Parts Sabotaged . | . . . . . . Parts Stolen . | . . . . . . Parts Stripped . | . . . . . . Power Chain Reactions 4 | . 2 . . 1 1 Missiles Intercepted . | . . . . . . Alert | -11 -10 -10 -10 -9 -8 ------- Run | Scr Mat Min Exi Min Mat Peak Influence 571 | . 285 482 . 143 571 Initial 111 | . . 111 . . 13 Average 230 | . 137 255 . 45 322 Maximum Alert Level 2 | . 1 2 . . 2 Low Security (%) 46 | 100 70 30 . 100 24 Level 1 34 | . 29 56 . . 37 Level 2 19 | . . 12 . . 37 Level 3 . | . . . . . . Level 4 . | . . . . . . Level 5 . | . . . . . . High Security . | . . . . . . Max Security . | . . . . . . Squads Dispatched 11 | . 5 . . 1 5 Investigation 7 | . 3 . . 1 3 Extermination . | . . . . . . Reinforcement 3 | . 2 . . . 1 Assault . | . . . . . . Garrison 1 | . . . . . 1 Intercept . | . . . . . . Searches Triggered . | . . . . . . Construction Impeded . | . . . . . . Haulers Reinforced . | . . . . . . Active Scanning Responses . | . . . . . . Cargo Convoy Interrupts . | . . . . . . Stealth | -11 -10 -10 -10 -9 -8 --------- Run | Scr Mat Min Exi Min Mat Distress Signals 5 | . 2 . . . 3 Communications Jammed . | . . . . . . Distress Signals . | . . . . . . Times Spotted 80 | . 13 10 . 6 51 Peak Tracking Total 6 | . 4 3 . 4 6 Tactical Retreats 1 | . . . . . 1 Traps | -11 -10 -10 -10 -9 -8 ------- Run | Scr Mat Min Exi Min Mat Traps Triggered 2 | . 1 . . . 1 Indirectly . | . . . . . . Trap Hack Attempts . | . . . . . . Triggered . | . . . . . . Disarmed . | . . . . . . Reprogrammed . | . . . . . . Reused . | . . . . . . Traps Extracted . | . . . . . . Installed . | . . . . . . Triggered . | . . . . . . Machines | -11 -10 -10 -10 -9 -8 ---------- Run | Scr Mat Min Exi Min Mat Machines Disabled 8 | . . 4 . 1 3 Max in Single Turn 1 | . . 1 . 1 1 Machines Sabotaged . | . . . . . . Garrisons Compromised . | . . . . . . Overloaded Fab Kills . | . . . . . . Hacking | -11 -10 -10 -10 -9 -8 --------- Run | Scr Mat Min Exi Min Mat Machines Accessed 13 | . 7 . . 1 5 Terminals 11 | . 6 . . . 5 Fabricators . | . . . . . . Repair Stations . | . . . . . . Recycling Units 1 | . 1 . . . . Scanalyzers . | . . . . . . Garrison Access . | . . . . . . Total Hacks 36 | . 21 . . 1 14 Successful 23 | . 15 . . 1 7 Failed 13 | . 6 . . . 7 Catastrophic 5 | . 1 . . . 4 Database Lockouts . | . . . . . . Manual 29 | . 18 . . . 11 Terminals 34 | . 20 . . . 14 Fabricators . | . . . . . . Repair Stations . | . . . . . . Recycling Units 1 | . 1 . . . . Scanalyzers . | . . . . . . Garrison Access . | . . . . . . Terminal Hacks 13 | . 10 . . 1 2 Robot Analysis 4 | . 4 . . . . Prototype ID Bank 1 | . 1 . . . . Open Door 1 | . . . . 1 . Terminal Index 3 | . 1 . . . 2 Alert Level 2 | . 2 . . . . Hauler Manifests 1 | . 1 . . . . Registered Components 1 | . 1 . . . . Fabricator Hacks . | . . . . . . Repair Station Hacks . | . . . . . . Recycling Unit Hacks . | . . . . . . Scanalyzer . | . . . . . . Garrison Access Hacks . | . . . . . . Unauthorized Hacks 10 | . 5 . . . 5 Terminals 9 | . 4 . . . 5 Botnet 9 | . 4 . . . 5 Fabricators . | . . . . . . Repair Stations . | . . . . . . Recycling Units 1 | . 1 . . . . Tunnel 1 | . 1 . . . . Scanalyzers . | . . . . . . Garrison Access . | . . . . . . Data Cores Recovered 1 | . 1 . . . . Used 1 | . 1 . . . . Hacking Detections 10 | . 5 . . . 5 Full Trace Events 3 | . 1 . . . 2 Feedback Events 2 | . . . . . 2 Corruption 2 | . . . . . 2 Feedback Blocked . | . . . . . . Robot Schematics Acquired . | . . . . . . Robots Built . | . . . . . . Authchips . | . . . . . . Time . | . . . . . . Total Robot Build Rating . | . . . . . . Part Schematics Acquired . | . . . . . . Parts Built . | . . . . . . Authchips . | . . . . . . Time . | . . . . . . Total Part Build Rating . | . . . . . . Parts Repaired . | . . . . . . Time . | . . . . . . Parts Recycled . | . . . . . . Recycled Matter . | . . . . . . Retrieved Matter . | . . . . . . Retrieved Components . | . . . . . . Parts Scanalyzed . | . . . . . . Part Schematics Acquired . | . . . . . . Parts Damaged . | . . . . . . Bothacking | -11 -10 -10 -10 -9 -8 ------------ Run | Scr Mat Min Exi Min Mat Used RIF Installer . | . . . . . . Robots Hacked . | . . . . . . Non-combat . | . . . . . . Combat . | . . . . . . Robot Hacks Applied . | . . . . . . Relay Couplers Released . | . . . . . . Fabnet Peak Effective % . | . . . . . . Robots Rewired 4 | . . . 4 . . Allies Hacked . | . . . . . . Hacks Repelled . | . . . . . . Allies | -11 -10 -10 -10 -9 -8 -------- Run | Scr Mat Min Exi Min Mat Total Allies 8 | . . 4 4 . . Largest Group 7 | . . 3 7 7 3 Highest-Rated Group 85 | . . 40 85 85 40 Highest-Rated Ally 31 | . . 31 21 21 16 Total Orders . | . . . . . . Ally Attacks 48 | . . 5 . 20 23 Total Damage 490 | . . 85 . 167 238 Kills 8 | . . 1 . 5 2 Allies Corrupted . | . . . . . . Allies Melted . | . . . . . . Intel | -11 -10 -10 -10 -9 -8 ------- Run | Scr Mat Min Exi Min Mat Robot Analysis Total 4 | . 4 . . . . Derelict Logs Recovered 5 | . . 2 . 3 . Drone Launches . | . . . . . . Drone Recoveries . | . . . . . . Exploration | -11 -10 -10 -10 -9 -8 ------------- Run | Scr Mat Min Exi Min Mat Turns Passed 4098 | 3 660 767 571 543 1554 Spaces Moved 2513 | 3 509 621 437 342 601 Core . | . . . . . . Treads 106 | . . . . . 106 Legs 661 | 3 3 . . 160 495 Wheels 1746 | . 506 621 437 182 . Hover . | . . . . . . Flight . | . . . . . . Fastest Speed 90 | 120 90 105 115 115 123 Average Speed 127 | 120 100 110 115 150 164 Slowest Speed 270 | 120 120 115 115 190 270 Overloaded Moves . | . . . . . . Propulsion Burnouts . | . . . . . . Robots Hopped . | . . . . . . Cave-ins Triggered . | . . . . . . Exploration Rate (%) 68 | 2 87 99 88 76 57 Regions Visited 5 Branch Regions 3 Pre-discovered Areas 1 | . 1 . . . . Known Exits Taken . | . . . . . . Unknown Exits Taken 5 | 1 1 1 1 1 . Scrap Searched 3 | . . 1 . 2 . Spaces Dug . | . . . . . . Terrain Destroyed 82 | . 32 46 . 4 . Melee . | . . . . . . Projectile . | . . . . . . AOE 82 | . 32 46 . 4 . Terrain Rammed . | . . . . . . Walls Destroyed . | . . . . . . Machines Disabled . | . . . . . . Actions | -11 -10 -10 -10 -9 -8 --------- Run | Scr Mat Min Exi Min Mat Total 3028 | 2 587 676 505 365 893 Wait 177 | . 20 28 8 15 106 Move 2508 | 2 508 620 436 341 601 Hop . | . . . . . . Pick Up 19 | . 6 3 . . 10 Fast Attach 17 | . 3 . . . 14 Attach 16 | . 2 1 . 3 10 Detach 6 | . 3 . . . 3 Swap 24 | . 5 7 . 2 10 Drop 15 | . 1 3 . . 11 Fire 184 | . 39 14 . 4 127 Melee . | . . . . . . Ram . | . . . . . . Kick 1 | . . . . . 1 Crush . | . . . . . . Escape Stasis . | . . . . . . Rewire 61 | . . . 61 . . Trap . | . . . . . . Miscellaneous . | . . . . . . Route ------- -11/Scrapyard -10/Materials (discovered 3 exits: [*Mat x2] / [*Min]) -10/Mines (discovered 3 exits: [*Mat x2] / [*Exi]) -10/Exiles -9/Mines -8/Materials (discovered 3 exits: *Fac x3) History --------- Turn | Location | Event 1 | -11/Scrapyard | Discovered new exit (range 0) 4 | -11/Scrapyard | Entered Materials 299 | -10/Materials | Discovered new exit (range 5) 311 | -10/Materials | Build established: Mutant 465 | -10/Materials | Discovered new exit (range 5) 606 | -10/Materials | Discovered new exit (range 5) 664 | -10/Materials | Entered Mines 760 | -10/Mines | Received a Mining Laser from a helpful Derelict 858 | -10/Mines | Deemed a non-threat by the Exiles lab entrance 858 | -10/Mines | Discovered new exit (range 5) 885 | -10/Mines | Discovered new exit (range 6) 926 | -10/Mines | Discovered new exit (range 5) 1141 | -10/Mines | Received a Rocket Launcher from a helpful Derelict 1215 | -10/Mines | Assisted by bots powering up and referring to "LRC-V3" 1268 | -10/Mines | Learned Materials emergency access door positions 1280 | -10/Mines | Learned 2 Materials zone layouts 1431 | -10/Mines | Entered Exiles 1431 | -10/Exiles | Found Exiles lab destroyed 1431 | -10/Exiles | Accompanied by 3 allies 1771 | -10/Exiles | Build established: Commander-Mutant 1982 | -10/Exiles | Discovered new exit (range 10) 2002 | -10/Exiles | Entered Mines 2002 | -9/Mines | Accompanied by 7 allies 2006 | -9/Mines | Met a Derelict shopkeep closing up shop 2189 | -9/Mines | Learned 4 Materials zone layouts 2195 | -9/Mines | Learned Materials emergency access door positions 2267 | -9/Mines | Learned Materials stockpile data 2478 | -9/Mines | Assembled infested the area 2500 | -9/Mines | Discovered new exit (range 13) 2545 | -9/Mines | Entered Materials 2545 | -8/Materials | Accompanied by 3 allies 2545 | -8/Materials | Evolved 4 slots: Propulsion x1, Utility x2, Weapon x1 2546 | -8/Materials | Identified exit to Factory 3174 | -8/Materials | Core integrity fell below 50% 3215 | -8/Materials | Lost 6 parts (1p2n2u1w) 4029 | -8/Materials | Garrison activated, responded to threat 4096 | -8/Materials | Core integrity fell below 20% 4100 | -8/Materials | Core destroyed Last Messages --------------- 04044_ Power failure, Imp. Ion Engine shutdown. 04047_ R-06 Scavenger collects Particle Gun. 04048_ U-05 Engineer builds a Door. 04051_ Overheating: System interference. 04051_ Structural Scanner temporarily disabled. 04051_ Hvy. Assault Rifle temporarily disabled. 04051_ R-06 Scavenger collects Aluminum Leg. 04053_ Power failure, Imp. Ion Engine shutdown. 04055_ R-06 Scavenger collects Aluminum Leg. 04059_ R-06 Scavenger collects Lgt. Nuclear Core. 04080_ Overheating: Energy bleed (-50). 04083_ Aluminum Leg melted. 04083_ G-47 Trooper destroyed. 04085_ Overheating: Energy bleed (-60). 04093_ U-05 Engineer destroyed. 04095_ Power failure, Imp. Ion Engine shutdown. 04096_ Overheating: Core damaged (-66). 04096_ G-47 Trooper destroyed. 04097_ System corrupted: Matter fused (-8). 04100_ Overheating: Core damaged (-88). Map ----- +----------------------------------------------------+ | ######+########## ######## ############## ## | | #### #########+########## ###### # # | | #### ##?## ###### ###### " " # # | | ### ##?## ###### # + "R" + | | ### ##?## / # # """ # # | | + ##?## ######%# # # # | | ### ##?## ###### # ########## ### | | #######/###?## ##??## # ##########%### | | ######## ###?## ##??## # ## [# ### | | # # ##??## ##??## # ## *%+ ### | | + # ##??#############??## # % ## [*# # | | # !!!# # ? #######?### # ########## # | | # !! # # ##?????#### ###+## #### # | | # !! # + ##?????### %% %% #### # | | # # # ### ?? + % % %% ##?# # | | ######## #####+###+### ## ##?#%# | | ===##### #[ # ? ## ##### ##?#%# | | = ##?## # !# ????## #######%####?# # | | != ##?## # # ????## #######+####?# # | | == ##?## # """ # ????## #%* %###### # | | == ##### # """ # ## %+%! "T" ###### # | | ##### # """ ###+#### [ #*= + %### | | + # ######### ### | | #####+##+#### ####### ### ###% ### | | #### ### ### % k k % | | #### !### ### ==@ u ### #*###+###### | | #### ### *%%[###+########!# =### | | #### """ ### !|### ###### # ### | | #### """ ### k !### "" ##??## # + | | #### """ #### ### "Y ##??## # ### | | ############## """ ### "" ##??## # ### | | ############## "" ### ##??## # ### | | ##??????????## " ### ##??## ########## | | ##??????????## ### """ ##??## #### | | ##??????????## ### """ ##???? ???# | | ##??????????##w % ### """ ##???? ???# | | ##??????????## ### """ ##???? ???# | | ##??????????## ###### ### ##???? ???# | | ##???????##### ###### ### ? *##???? ???# | | ##???????#####+###### ##???#####???? ???####### | | ##??????? # # % ##???#####???????? | | ##??????? # """ !# ##????????????????##### # | | ##??????? # """ # ##????????????????????# # | | ##??????? # """ # % ##????????????????##### # | | ##??????? # " " #*% %######???????????? # # | | ###?????? # "G" #+##+######????????????" # # | | ###??????##! " # = ##????????????"" + + | | ##????? # #! "" ##????????????"" # # | | ##????? ########/### "" ###???????????"" # # | | ##????? ### # T" ##???????????" # # | +----------------------------------------------------+ Best States ------------- Heat Dissipation 53 Energy Generation 18 Energy Capacity 265 Matter Stores 300 Matter Capacity 300 Sight Range 16 Terrain Scan Density 10 Armor Coverage 225 Evasion (%) 55 Recoil Reduction 3 Authchip Count 1 Item Schematics ----------------- None Robot Schematics ------------------ None Fabricated ------------ Nothing Alien Tech Used ----------------- None Achievements -------------- None Challenges ------------ None Game ------ Seed FrostStructuralMatrix Manual? 0 Play Time 00:36:51 Cumulative 194.4 hours Start 2022.05.24 @ 09:22:33 End 2022.05.24 @ 10:26:10 Sessions 1 Manual Loads 0 Difficulty Rogue Special Mode None Game No. 81 Rogue 74 Adventurer 0 Explorer 7 Win Type - Total 1 Types 0/0/1/0/0/0/0/0/0 Lore% 61 Gallery% 59 Achievement% 49 Wizard Run 0 Options --------- ASCII 0 Keyboard 0 Movement Mouse Keybinds 0 Fullscreen 1 Font 16/Cog Map View 76x50 Tactical HUD 1 Map Filters NONE Filters NONE Steam 1 RUN: ce42ce91-aa96-4fdf-8656-8e031bc5789b